TOP OF THE 1ST |
Calgary Cowboys batting - Pitching for Redwood City Redwoods : RHP Júlio Juárez
|
Pitching: RHP Júlio Juárez
|
|
Batting: RHB Clark Hodge
|
0-0: Called Strike 0-1: Foul Ball, location: 2F 0-2: SINGLE (Groundball, 6D)
|
Batting: RHB Mike Wilcox
|
0-0: Ball 1-0: Fielders Choice at 2nd, 4-6 (Groundball, 4M)
|
Batting: LHB Terry Maloney
|
0-0: Ball Mike Wilcox is caught stealing 2nd base 1-0: Ball 2-0: Ball 3-0: Base on Balls
|
Batting: RHB Cristián Peña
|
0-0: Called Strike 0-1: Ball 1-1: Foul Ball, location: 2F 1-2: Ball Terry Maloney is caught stealing 2nd base
|
Top of the 1st over - 0 run(s), 1 hit(s), 0 error(s), 0 left on base; Calgary 0 - Redwood City 0 |
BOTTOM OF THE 1ST |
Redwood City Redwoods batting - Pitching for Calgary Cowboys : RHP Arthur Benson
|
Pitching: RHP Arthur Benson
|
|
Batting: LHB Alfonso Montoya
|
0-0: Ball 1-0: Foul Ball, location: 2F 1-1: Foul Ball, location: 2F 1-2: Ball 2-2: Foul Ball, location: 2F 2-2: Ball 3-2: Strikes out looking
|
Batting: LHB Vincente Sáenz
|
0-0: Foul Ball, location: 2F 0-1: Foul Ball, location: 2F 0-2: Ball 1-2: Ball 2-2: Foul Ball, location: 2F 2-2: SINGLE (Groundball, 34D)
|
Batting: LHB Nicholas Alston
|
0-0: Ball 1-0: Called Strike 1-1: Ball 2-1: Ball 3-1: Foul Ball, location: 2F 3-2: 2-RUN HOME RUN (Line Drive, 89XD), Distance : 404 ft
|
Batting: LHB Patrick Bright
|
0-0: Called Strike 0-1: Foul Ball, location: 2F 0-2: Ball 1-2: Foul Ball, location: 2F 1-2: Strikes out swinging
|
Batting: LHB Juan Hernández
|
0-0: Ball 1-0: Ball 2-0: Ball 3-0: Foul Ball, location: 2F 3-1: Called Strike 3-2: Base on Balls
|
Batting: RHB William Parker
|
0-0: Ball 1-0: DOUBLE (Flyball, 9LS) Juan Hernández to third
|
Batting: LHB Jon Graves
|
0-0: Called Strike 0-1: Ball 1-1: Fly out, F9 (Flyball, 89M)
|
Bottom of the 1st over - 2 run(s), 3 hit(s), 0 error(s), 2 left on base; Calgary 0 - Redwood City 2 |
TOP OF THE 2ND |
Calgary Cowboys batting - Pitching for Redwood City Redwoods : RHP Júlio Juárez
|
Batting: RHB Cristián Peña
|
0-0: Ball 1-0: Ball 2-0: Called Strike 2-1: Called Strike 2-2: Foul Ball, location: 2F 2-2: Ground out 2-3 (Groundball, 23)
|
Batting: RHB Dan Wyatt
|
0-0: Foul Ball, location: 2F 0-1: Ball 1-1: Ball 2-1: Swinging Strike 2-2: SINGLE (Groundball, 6MD)
|
Batting: RHB Mario Sánchez
|
0-0: Ball 1-0: Ball 2-0: Ball 3-0: Base on Balls Dan Wyatt to second
|
Batting: RHB Ramón Martínez
|
0-0: Foul Ball, location: 2F 0-1: Ball 1-1: Foul Ball, location: 2F 1-2: Reached on error, E1 (Groundball, 13S) Dan Wyatt to third Mario Sánchez to second
|
Batting: LHB Freddy Herrera
|
0-0: Fly out, F2 (Popup, 2LF)
|
Batting: RHB Tom Yarbrough
|
0-0: Swinging Strike 0-1: Swinging Strike 0-2: Ball 1-2: Ball 2-2: Fly out, F3 (Popup, 3F)
|
Top of the 2nd over - 0 run(s), 1 hit(s), 1 error(s), 3 left on base; Calgary 0 - Redwood City 2 |
BOTTOM OF THE 2ND |
Redwood City Redwoods batting - Pitching for Calgary Cowboys : RHP Arthur Benson
|
Batting: RHB Yasuhiko Sumita
|
0-0: Called Strike 0-1: Fly out, F4 (Popup, 4M)
|
Batting: LHB Héctor Flores
|
0-0: Ball 1-0: Ball 2-0: Ball 3-0: Called Strike 3-1: Base on Balls
|
Batting: LHB Alfonso Montoya
|
0-0: Ball Héctor Flores steals 2nd base 1-0: Ball 2-0: Called Strike 2-1: Ball 3-1: Called Strike 3-2: Foul Ball, location: 2F 3-2: Foul Ball, location: 2F 3-2: Foul Ball, location: 2F 3-2: Base on Balls
|
Batting: LHB Vincente Sáenz
|
0-0: Ball 1-0: Called Strike 1-1: Foul Ball, location: 2F 1-2: Ball 2-2: Ball 3-2: SINGLE (Groundball, 6MD) (infield hit) Héctor Flores to third Alfonso Montoya to second
|
Batting: LHB Nicholas Alston
|
0-0: Called Strike
|
|
|
|
0-1: Foul Ball, location: 2F 0-2: Strikes out swinging
|
Batting: LHB Patrick Bright
|
0-0: Ball 1-0: Ball 2-0: Ball 3-0: Base on Balls Héctor Flores scores Alfonso Montoya to third Vincente Sáenz to second
|
Batting: LHB Juan Hernández
|
0-0: Ball 1-0: Foul Ball, location: 2F 1-1: Ball 2-1: Swinging Strike 2-2: Fly out, F7 (Flyball, 7M)
|
Bottom of the 2nd over - 1 run(s), 1 hit(s), 0 error(s), 3 left on base; Calgary 0 - Redwood City 3 |
TOP OF THE 3RD |
Calgary Cowboys batting - Pitching for Redwood City Redwoods : RHP Júlio Juárez
|
Batting: RHB Clark Hodge
|
0-0: Swinging Strike 0-1: Foul Ball, location: 2F 0-2: Strikes out swinging
|
Batting: RHB Mike Wilcox
|
0-0: Foul Ball, location: 2F 0-1: Foul Ball, location: 2F 0-2: Fly out, F3 (Popup, 34)
|
Batting: LHB Terry Maloney
|
0-0: Ball 1-0: Foul Ball, location: 2F 1-1: Ball 2-1: Ball 3-1: SINGLE (Line Drive, 78S)
|
Batting: RHB Cristián Peña
|
0-0: Ball 1-0: Foul Ball, location: 2F 1-1: Ball 2-1: Ball 3-1: Foul Ball, location: 2F 3-2: Foul Ball, location: 2F 3-2: SINGLE (Groundball, 6) Terry Maloney to second Terry Maloney to third
|
Batting: RHB Dan Wyatt
|
0-0: SINGLE (Groundball, 4MD) Terry Maloney scores Cristián Peña to second Runner from 2nd tries for 3rd, SAFE, throw made to third
|
Batting: RHB Mario Sánchez
|
0-0: Called Strike 0-1: Swinging Strike 0-2: Strikes out looking
|
Top of the 3rd over - 1 run(s), 3 hit(s), 0 error(s), 2 left on base; Calgary 1 - Redwood City 3 |
BOTTOM OF THE 3RD |
Redwood City Redwoods batting - Pitching for Calgary Cowboys : RHP Arthur Benson
|
Batting: RHB William Parker
|
0-0: Ball 1-0: Ball 2-0: Ball 3-0: Swinging Strike 3-1: SOLO HOME RUN (Line Drive, 78XD), Distance : 411 ft
|
Batting: LHB Jon Graves
|
0-0: Swinging Strike 0-1: Foul Ball, location: 2F 0-2: Ball 1-2: Foul Ball, location: 2F 1-2: Strikes out swinging
|
Batting: RHB Yasuhiko Sumita
|
0-0: Fly out, F3 (Popup, 3F)
|
Batting: LHB Héctor Flores
|
0-0: Ball 1-0: SINGLE (Groundball, 6M) (infield hit)
|
Batting: LHB Alfonso Montoya
|
0-0: Ball 1-0: SINGLE (Line Drive, 34) Héctor Flores to second Runner from 2nd tries for 3rd, SAFE, throw made to third
|
Batting: LHB Vincente Sáenz
|
0-0: Foul Ball, location: 2F 0-1: Ball 1-1: Ball 2-1: Ball 3-1: Base on Balls Alfonso Montoya to second
|
Batting: LHB Nicholas Alston
|
0-0: Foul Ball, location: 2F 0-1: Ball 1-1: Called Strike 1-2: Ball 2-2: Fly out, F8 (Flyball, 78D)
|
Bottom of the 3rd over - 1 run(s), 3 hit(s), 0 error(s), 3 left on base; Calgary 1 - Redwood City 4 |
TOP OF THE 4TH |
Calgary Cowboys batting - Pitching for Redwood City Redwoods : RHP Júlio Juárez
|
Batting: RHB Ramón Martínez
|
0-0: Ball 1-0: SINGLE (Groundball, 34D)
|
Batting: LHB Freddy Herrera
|
0-0: Called Strike 0-1: Ball 1-1: SINGLE (Line Drive, 4M) Ramón Martínez to second
|
Batting: RHB Tom Yarbrough
|
0-0: Ball 1-0: Called Strike 1-1: Ball 2-1: Ball 3-1: Foul Ball, location: 2F 3-2: Strikes out swinging
|
Batting: RHB Clark Hodge
|
0-0: Foul Ball, location: 2F 0-1: Foul Ball, location: 2F 0-2: Foul Ball, location: 2F 0-2: Ball 1-2: Ball 2-2: DOUBLE (Line Drive, 78XD) Ramón Martínez scores Freddy Herrera to third Runner from 3rd tries for Home, SAFE, throw made at trailing runner, SAFE at third!
|
Batting: RHB Mike Wilcox
|
0-0: Called Strike 0-1: Swinging Strike 0-2: Strikes out looking
|
Batting: LHB Terry Maloney
|
0-0: Ball 1-0: Ball 2-0: Ball 3-0: Base on Balls
|
Batting: RHB Cristián Peña
|
0-0: Ball 1-0: 3-RUN HOME RUN (Flyball, 7D), Distance : 357 ft
|
Batting: RHB Dan Wyatt
|
0-0: Ball 1-0: Called Strike 1-1: Swinging Strike 1-2: Strikes out swinging
|
Top of the 4th over - 5 run(s), 4 hit(s), 0 error(s), 0 left on base; Calgary 6 - Redwood City 4 |
BOTTOM OF THE 4TH |
Redwood City Redwoods batting - Pitching for Calgary Cowboys : RHP Arthur Benson
|
Pitching: RHP Eric Bell
|
|
Batting: LHB Patrick Bright
|
0-0: Called Strike 0-1: Ball 1-1: Foul Ball, location: 2F 1-2: DOUBLE (Line Drive, 4M)
|
Batting: LHB Juan Hernández
|
0-0: Called Strike 0-1: Called Strike 0-2: Ground out 4-3 (Groundball, 4) Patrick Bright to third
|
Batting: RHB William Parker
|
0-0: SINGLE (Flyball, 8LS) Patrick Bright scores
|
Batting: LHB Jon Graves
|
0-0: Ball 1-0: Fielders Choice at 2nd, 6-4 (Groundball, 6)
|
Batting: RHB Yasuhiko Sumita
|
0-0: Foul Ball, location: 2F 0-1: 2-RUN HOME RUN (Flyball, 78XD), Distance : 408 ft
|
Batting: LHB Héctor Flores
|
0-0: Fly out, F8 (Flyball, 8RS)
|
Bottom of the 4th over - 3 run(s), 3 hit(s), 0 error(s), 0 left on base; Calgary 6 - Redwood City 7 |
TOP OF THE 5TH |
Calgary Cowboys batting - Pitching for Redwood City Redwoods : RHP Júlio Juárez
|
Pitching: RHP Willie McMillan
|
|
Batting: RHB Mario Sánchez
|
0-0: Bunted foul 0-1: Ball 1-1: Ball 2-1: Ball 3-1: Base on Balls
|
Batting: RHB Ramón Martínez
|
0-0: Called Strike Mario Sánchez steals 2nd base 0-1: Fly out, F9 (Flyball, 89S)
|
Batting: LHB Freddy Herrera
|
0-0: Called Strike 0-1: Called Strike 0-2: Ball 1-2: Ball 2-2: TRIPLE (Flyball, 89D) Mario Sánchez scores
|
Batting: RHB Tom Yarbrough
|
0-0: Ball 1-0: Foul Ball, location: 2F 1-1: Ball 2-1: Ball 3-1: Ground out U3 (Groundball, 3)
|
Batting: RHB Clark Hodge
|
0-0: SINGLE (Groundball, 56D) (infield hit) Freddy Herrera scores
|
Batting: RHB Mike Wilcox
|
0-0: Ball 1-0: Fly out, F7 (Flyball, 78S)
|
Top of the 5th over - 2 run(s), 2 hit(s), 0 error(s), 1 left on base; Calgary 8 - Redwood City 7 |
BOTTOM OF THE 5TH |
Redwood City Redwoods batting - Pitching for Calgary Cowboys : RHP Eric Bell
|
Batting: LHB Alfonso Montoya
|
0-0: Called Strike 0-1: Ball 1-1: SINGLE (Line Drive, 78S)
|
Batting: LHB Vincente Sáenz
|
0-0: Ball 1-0: Ball 2-0: Ball 3-0: Called Strike 3-1: Base on Balls Alfonso Montoya to second
|
Batting: LHB Nicholas Alston
|
0-0: Ball Vincente Sáenz is caught stealing 2nd base 1-0: Ball 2-0: SINGLE (Line Drive, 4MD) Alfonso Montoya scores
|
Pitching: LHP Mario Rosário
|
|
Batting: LHB Patrick Bright
|
0-0: Ball 1-0: Called Strike 1-1: Ball 2-1: Foul Ball, location: 2F 2-2: Ball 3-2: Ground out 4-3 (Groundball, 4) Nicholas Alston to second
|
Batting: LHB Juan Hernández
|
0-0: Fly out, F8 (Flyball, 8RM)
|
Bottom of the 5th over - 1 run(s), 2 hit(s), 0 error(s), 1 left on base; Calgary 8 - Redwood City 8 |
TOP OF THE 6TH |
Calgary Cowboys batting - Pitching for Redwood City Redwoods : RHP Willie McMillan
|
Batting: LHB Terry Maloney
|
0-0: Called Strike 0-1: Ball 1-1: Called Strike 1-2: Strikes out looking
|
Batting: RHB Cristián Peña
|
0-0: Ball 1-0: Foul Ball, location: 2F 1-1: SINGLE (Line Drive, 56D)
|
Batting: RHB Dan Wyatt
|
0-0: Called Strike 0-1: Called Strike 0-2: Ball 1-2: Strikes out swinging
|
Pitching: RHP Carl Murgatroyd
|
|
Batting: RHB Mario Sánchez
|
0-0: SINGLE (Groundball, 15) (infield hit) Cristián Peña to second
|
Batting: RHB Ramón Martínez
|
0-0: Ball 1-0: SINGLE (Line Drive, 7S) Cristián Peña to third Mario Sánchez to second
|
Batting: LHB Freddy Herrera
|
0-0: SINGLE (Line Drive, 56D) Cristián Peña scores Mario Sánchez to third Ramón Martínez to second
|
Batting: RHB Tom Yarbrough
|
0-0: Swinging Strike 0-1: Ball 1-1: Foul Ball, location: 2F 1-2: Foul Ball, location: 2F 1-2: Ball 2-2: Ball 3-2: Base on Balls Mario Sánchez scores Ramón Martínez to third Freddy Herrera to second
|
Batting: RHB Clark Hodge
|
0-0: Called Strike 0-1: Ball Wild Pitch! Ramón Martínez scores Freddy Herrera to third Tom Yarbrough to second 1-1: Swinging Strike 1-2: Foul Ball, location: 2F 1-2: Ball 2-2: Foul Ball, location: 2F 2-2: Ball 3-2: Foul Ball, location: 2F 3-2: Base on Balls
|
Pitching: RHP Jim Williams
|
|
Batting: RHB Mike Wilcox
|
0-0: Foul Ball, location: 2F 0-1: Foul Ball, location: 2F 0-2: Ball 1-2: SINGLE (Line Drive, 56D) Freddy Herrera scores Tom Yarbrough to third Clark Hodge to second Runner from 3rd tries for Home, SAFE, no throw or cutoff
|
Batting: LHB Terry Maloney
|
0-0: Foul Ball, location: 2F 0-1: Swinging Strike 0-2: Fielders Choice at 2nd, 6-4 (Groundball, 6)
|
Top of the 6th over - 5 run(s), 5 hit(s), 0 error(s), 1 left on base; Calgary 13 - Redwood City 8 |
BOTTOM OF THE 6TH |
Redwood City Redwoods batting - Pitching for Calgary Cowboys : LHP Mario Rosário
|
Batting: RHB William Parker
|
0-0: Ball 1-0: Fly out, F8 (Flyball, 8RXD)
|
Batting: LHB Jon Graves
|
0-0: Called Strike 0-1: Ball 1-1: Swinging Strike 1-2: Strikes out looking
|
Batting: RHB Yasuhiko Sumita
|
0-0: Ball 1-0: Called Strike 1-1: Ground out 5-3 (Groundball, 5)
|
Bottom of the 6th over - 0 run(s), 0 hit(s), 0 error(s), 0 left on base; Calgary 13 - Redwood City 8 |
TOP OF THE 7TH |
Calgary Cowboys batting - Pitching for Redwood City Redwoods : RHP Jim Williams
|
Batting: RHB Cristián Peña
|
0-0: Ball 1-0: Ball 2-0: Called Strike 2-1: Foul Ball, location: 2F 2-2: Foul Ball, location: 2F 2-2: Reached on error, E6 (Groundball, 6)
|
Batting: RHB Dan Wyatt
|
0-0: Swinging Strike 0-1: Foul Ball, location: 2F 0-2: Foul Ball, location: 2F 0-2: Ball Pickoff Throw by Catcher to First - Out! 1-2: Ball 2-2: Fly out, F9 (Flyball, 9D)
|
Batting: RHB Mario Sánchez
|
0-0: Called Strike 0-1: Ball 1-1: Ball 2-1: Fly out, F8 (Flyball, 8LXD)
|
Top of the 7th over - 0 run(s), 0 hit(s), 1 error(s), 0 left on base; Calgary 13 - Redwood City 8 |
BOTTOM OF THE 7TH |
Redwood City Redwoods batting - Pitching for Calgary Cowboys : LHP Mario Rosário
|
Batting: LHB Héctor Flores
|
0-0: Called Strike 0-1: Foul Ball, location: 2F 0-2: Ball 1-2: Strikes out swinging
|
Batting: LHB Alfonso Montoya
|
0-0: Called Strike 0-1: Foul Ball, location: 2F 0-2: Ball 1-2: Ground out 1-3 (Groundball, 23)
|
Batting: LHB Vincente Sáenz
|
0-0: Foul Ball, location: 2F 0-1: Ball 1-1: Ground out 4-3 (Groundball, 4)
|
Bottom of the 7th over - 0 run(s), 0 hit(s), 0 error(s), 0 left on base; Calgary 13 - Redwood City 8 |
TOP OF THE 8TH |
Calgary Cowboys batting - Pitching for Redwood City Redwoods : RHP Jim Williams
|
Batting: RHB Ramón Martínez
|
0-0: Fly out, F4 (Popup, 4MD)
|
Batting: LHB Freddy Herrera
|
0-0: Swinging Strike 0-1: Ball 1-1: Ball 2-1: Swinging Strike 2-2: Foul Ball, location: 2F 2-2: Foul Ball, location: 2F 2-2: SINGLE (Flyball, 78S)
|
Batting: RHB Tom Yarbrough
|
0-0: Ball 1-0: Ball 2-0: Ball 3-0: Base on Balls Freddy Herrera to second
|
Batting: RHB Clark Hodge
|
0-0: Called Strike 0-1: Swinging Strike 0-2: Foul Ball, location: 2F 0-2: Strikes out looking
|
Batting: RHB Mike Wilcox
|
0-0: Called Strike 0-1: SINGLE (Groundball, 6) Freddy Herrera to third Tom Yarbrough to second Runner from 3rd tries for Home, SAFE, no throw or cutoff
|
Batting: LHB Terry Maloney
|
0-0: Ball 1-0: Called Strike 1-1: Fielders Choice at 2nd, U4 (Groundball, 4M)
|
Top of the 8th over - 1 run(s), 2 hit(s), 0 error(s), 2 left on base; Calgary 14 - Redwood City 8 |
BOTTOM OF THE 8TH |
Redwood City Redwoods batting - Pitching for Calgary Cowboys : LHP Mario Rosário
|
Batting: LHB Nicholas Alston
|
0-0: Ball 1-0: Called Strike 1-1: Ball 2-1: DOUBLE (Flyball, 78XD)
|
Batting: LHB Patrick Bright
|
0-0: SINGLE (Groundball, 4MD) Nicholas Alston to third Runner from 3rd tries for Home, SAFE, no throw or cutoff
|
Batting: LHB Juan Hernández
|
0-0: Ball 1-0: Ball 2-0: Ball 3-0: Base on Balls Patrick Bright to second
|
Pitching: RHP Mitsunari Jouda
|
|
Batting: RHB William Parker
|
0-0: Called Strike 0-1: Reached on error, E1 (Groundball, 13) Patrick Bright to third Juan Hernández to second
|
Pitching: LHP Alfredo Durán
|
|
Batting: LHB Jon Graves
|
0-0: Ball 1-0: Foul Ball, location: 2F 1-1: Foul Ball, location: 2F 1-2: Foul Ball, location: 2F 1-2: Foul Ball, location: 2F 1-2: Ball 2-2: Fielders Choice at 2nd, 6-4 (Groundball, 6) Patrick Bright scores Juan Hernández to third
|
Batting: RHB Yasuhiko Sumita
|
0-0: Called Strike 0-1: Foul Ball, location: 2F 0-2: Foul Ball, location: 2F 0-2: Ball 1-2: Ball 2-2: Ball 3-2: Base on Balls Jon Graves to second
|
Batting: LHB Héctor Flores
|
0-0: Swinging Strike 0-1: Ball 1-1: SINGLE (Groundball, 34D) - runner OUT being hit by batted ball. (infield hit) Juan Hernández scores Jon Graves to third
|
Batting: LHB Alfonso Montoya
|
0-0: Ball 1-0: SINGLE (Groundball, 56D) Jon Graves scores Héctor Flores to second
|
Pinch Hitting: RHB Robinson Martínez
|
0-0: Fielders Choice at 2nd, 5-4 (Groundball, 5)
|
Bottom of the 8th over - 4 run(s), 4 hit(s), 1 error(s), 1 left on base; Calgary 14 - Redwood City 12 |
TOP OF THE 9TH |
Calgary Cowboys batting - Pitching for Redwood City Redwoods : RHP Jim Williams
|
Pitching: RHP William Simpson
|
|
Now in RF: Robinson Martínez
|
|
Batting: RHB Cristián Peña
|
0-0: Ball 1-0: Swinging Strike 1-1: Called Strike 1-2: Ball 2-2: Ball 3-2: Base on Balls
|
Batting: RHB Dan Wyatt
|
0-0: Called Strike Balk! Cristián Peña to second 0-1: Ball 1-1: Intentional Walk
|
Batting: RHB Mario Sánchez
|
0-0: Bunt missed! 0-1: Ball 1-1: Sac Bunt - play at first, batter OUT! 1-4 Cristián Peña to third Dan Wyatt to second
|
Batting: RHB Ramón Martínez
|
0-0: Fly out, F6 (Line Drive, 56)
|
Pitching: LHP Haywood Brown
|
|
Pinch Hitting: RHB Shayne Burry
|
0-0: Called Strike 0-1: Foul Ball, location: 2F 0-2: Fly out, F4 (Popup, 4)
|
Top of the 9th over - 0 run(s), 0 hit(s), 0 error(s), 2 left on base; Calgary 14 - Redwood City 12 |
BOTTOM OF THE 9TH |
Redwood City Redwoods batting - Pitching for Calgary Cowboys : LHP Alfredo Durán
|
Pitching: RHP Tatsuzo Harada
|
|
Now at 2B: Jesús Hernández
|
|
Batting: LHB Nicholas Alston
|
0-0: Ball 1-0: Ground out 4-3 (Groundball, 4MD)
|
Batting: LHB Patrick Bright
|
0-0: Foul Ball, location: 2F 0-1: Ball 1-1: Swinging Strike 1-2: Strikes out swinging
|
Batting: LHB Juan Hernández
|
0-0: Ball 1-0: Swinging Strike 1-1: Ball 2-1: Ball 3-1: Base on Balls
|
Batting: RHB William Parker
|
0-0: Ball 1-0: Ground out 1-3 (Groundball, 13)
|
Bottom of the 9th over - 0 run(s), 0 hit(s), 0 error(s), 1 left on base; Calgary 14 - Redwood City 12 |
|
|